 Dungeon Crawl Stone Soup version 0.27-a0-1228-gfd60fd639a (webtiles) character file.

Game seed: 12863057474686069100

326 ZappyNine the Insei (level 6, -13/46 HPs)
             Began as a Barachi Transmuter on June 7, 2021.
             Mangled by a wyvern (17 damage)
             ... on level 4 of the Dungeon.
             The game lasted 00:05:02 (4289 turns).

ZappyNine the Insei (Barachi Transmuter)            Turns: 4289, Time: 00:05:02

Health: -13/46     AC:  4    Str: 11    XL:     6   Next: 49%
Magic:  11/11      EV: 12    Int: 13    God:
Gold:   129        SH:  0    Dex: 19    Spells: 6/12 levels left

rFire    . . .     SeeInvis .   s - +7 mace of Income {vamp, Dex+4}
rCold    . . .     Faith    .   (no shield)
rNeg     . . .     Spirit   .   a - +0 robe
rPois    .         Reflect  .   (no helmet)
rElec    .         Harm     .   (no cloak)
rCorr    .         Rampage  .   g - +0 pair of gloves
Will     .....                  i - +0 pair of boots
Stlth    ++........             (no amulet)
HPRegen  0.15/turn              (no ring)
MPRegen  0.12/turn              (no ring)

@: slow
A: amphibious, slowness 1, strong legs 1, +LOS
a: Hop


You were on level 4 of the Dungeon.
You visited 1 branch of the dungeon, and saw 4 of its levels.

You collected 228 gold pieces.
You spent 99 gold pieces at shops.

Inventory:

Hand Weapons
 s - the +7 mace of Income (weapon) {vamp, Dex+4}
   (You found it on level 4 of the Dungeon)

   It inflicts no extra harm, but heals its wielder when it wounds a living foe.
   It affects your dexterity (+4).
Armour
 a - a +0 robe (worn)
 g - a +0 pair of gloves (worn)
 i - a +0 pair of boots (worn)
Wands
 q - a wand of charming (9)
Scrolls
 b - a scroll of enchant weapon {unknown}
 c - 5 scrolls of identify {unknown}
 d - a scroll of amnesia {unknown}
 e - 2 scrolls of teleportation {unknown}
 h - a scroll of summoning {unknown}
 j - a scroll of torment {unknown}
 n - a scroll of vulnerability {unknown}
 o - a scroll of fear {unknown}
 r - a scroll of noise {unknown}
Potions
 f - a potion of mutation {unknown}
 k - a potion of brilliance {unknown}
 l - 2 potions of might
 m - a potion of heal wounds
 p - a potion of curing {unknown}
 t - 2 potions of ambrosia {unknown}


   Skills:
 - Level 2.8 Fighting
 - Level 2.1 Dodging
 - Level 4.1 Unarmed Combat
 + Level 3.8 Spellcasting
 + Level 4.0 Transmutations
 + Level 3.2 Poison Magic


You had 6 spell levels left.
You knew the following spells:

 Your Spells              Type           Power      Damage    Failure   Level
a - Beastly Appendage     Tmut           26%        N/A       4%          1
b - Spider Form           Tmut/Pois      5%         N/A       14%         3
c - Wereblood             Tmut           13%        N/A       6%          2

Your spell library contained the following spells:

 Spells                   Type           Power      Damage    Failure   Level
 Ice Form                 Ice/Tmut       7%         N/A       67%         4
 Hydra Form               Tmut           6%         N/A       73%         5


Dungeon Overview and Level Annotations

Branches:
Dungeon (4/15)
 Temple: D:4-7

Altars:
Wu Jian

Shops:
D:3 !

Annotations:
D:2 1 runed translucent door, Crazy Yiuf


Innate Abilities, Weirdness & Mutations

You are amphibious.
You cover ground slowly.
You can hop short distances.
You have an extended range of vision and can be seen from far away.


Message History

You closely miss the wyvern. The wyvern bites you. x2
You hit the wyvern.
You feel better.
The wyvern is lightly wounded.
The wyvern barely misses you. The wyvern completely misses you.
You hit the wyvern.
The wyvern is moderately wounded.
The wyvern bites you!
The wyvern bites you but does no damage.
You are too injured to fight recklessly!
You are too injured to fight recklessly!
You are too injured to fight recklessly!
You are too injured to fight recklessly!
You are too injured to fight recklessly!
You are too injured to fight recklessly!
You are too injured to fight recklessly!
You are too injured to fight recklessly!
You are too injured to fight recklessly!
You are too injured to fight recklessly!
You are too injured to fight recklessly!
You are too injured to fight recklessly!
You are too injured to fight recklessly!
You are too injured to fight recklessly!
You are too injured to fight recklessly!
You are too injured to fight recklessly!
You are too injured to fight recklessly!
You are too injured to fight recklessly!
You hit the wyvern.
You feel better.
The wyvern is heavily wounded.
The wyvern bites you. The wyvern bites you!
You hit the wyvern.
The wyvern is severely wounded.
The wyvern bites you!
* * * LOW HITPOINT WARNING * * *
The wyvern bites you.
* * * LOW HITPOINT WARNING * * *
Unknown command.
You hit the wyvern.
You feel better.
The wyvern is almost dead.
The wyvern bites you!
You die...

..........).................#
#####....<....############.##
############.. #.# #.# #.#
#.# #.# #.# #.# #.# #.# #l#
#.# #@# #.# #.#########.#
#...........# #############


You could see a wyvern.

Vanquished Creatures
  An ogre (D:3)
  A howler monkey (D:4)
  Jessica (D:2)
  An iguana (D:4)
  4 gnolls (D:4)
  4 adders
  An ufetubus (D:3)
  A worm (D:2)
  2 dart slugs
  2 orcs (D:3)
  3 ball pythons
  9 endoplasms
  A giant cockroach (D:1)
  8 goblins
  3 hobgoblins (D:1)
  2 jackals (D:1)
  3 kobolds
  3 quokkas
  4 bats
  2 frilled lizards (D:1)
  A jackal skeleton (D:4)
  6 rats
63 creatures vanquished.

Notes
Turn   | Place    | Note
-------+----------+-------------------------------------------
     0 | D:1      | ZappyNine the Barachi Transmuter began the quest for the
                  | Orb.
     0 | D:1      | Reached XP level 1. HP: 15/15 MP: 3/3
   100 | D:1      | Reached XP level 2. HP: 21/22 MP: 3/5
   665 | D:1      | Reached XP level 3. HP: 28/28 MP: 4/6
   959 | D:2      | Learned a level 3 spell: Spider Form
  1478 | D:2      | Noticed Jessica
  1493 | D:2      | Killed Jessica
  1494 | D:2      | Reached skill level 1 in Poison Magic
  1494 | D:2      | Reached XP level 4. HP: 19/34 MP: 5/7
  1803 | D:2      | Found a runed translucent door.
  1804 | D:2      | Noticed Crazy Yiuf
  2381 | D:3      | Found Maec's Distillery.
  2409 | D:3      | Bought a potion of heal wounds for 55 gold pieces
  2409 | D:3      | Bought a potion of might for 44 gold pieces
  2643 | D:3      | Learned a level 2 spell: Wereblood
  2966 | D:3      | Noticed an ogre
  2980 | D:3      | Killed an ogre
  2981 | D:3      | Reached XP level 5. HP: 29/40 MP: 6/9
  3483 | D:4      | Found an ornate altar of the Wu Jian Council.
  3520 | D:4      | Identified the +7 mace of Income {vamp, Dex+4}
  3671 | D:4      | Reached XP level 6. HP: 45/46 MP: 7/11
  4276 | D:4      | Noticed a wyvern
  4288 | D:4      | HP: 1/46 [wyvern (3)]
  4289 | D:4      | Mangled by a wyvern

Illustrated notes

Levels and vault maps discovered:
D:1:      saegor_arrival_simple_b, layout_basic
D:2:      kennysheep_big_flooded_room, layout_loops_ring,
          kennysheep_generic_room_2, uniq_jessica, uniq_crazy_yiuf_cottage
D:3:      layout_basic, serial_shops, shop, chequers_serial_rivers_micro_a
D:4:      layout_basic, old_standard_altar, hangedman_abyss_or_decor_stabs

Skill      XL: |  1  2  3  4  5  6 |
---------------+-------------------+-----
Fighting       | 2 |  2.8
Unarmed Combat | 4 |  4.1
Poison Magic   | 1 2 3 |  3.2
Spellcasting   | 3 |  3.8
Transmutations | 3 4 |  4.0
Dodging        | |  2.1

Action                   |  1- 3 |  4- 6 || total
-------------------------+-------+-------++-------
Melee: Unarmed           |    69 |     5 ||    74
       Headbutt          |     7 |     5 ||    12
       Kick              |    10 |    11 ||    21
       Whip              |     2 |    63 ||    65
       Punch             |     1 |       ||     1
       Mace              |       |    35 ||    35
 Cast: Beastly Appendage |    16 |     6 ||    22
       Spider Form       |       |     1 ||     1
       Wereblood         |       |     2 ||     2
 Stab: Sleeping          |     1 |       ||     1
Armor: Robe              |    15 |    34 ||    49
Dodge: Dodged            |    42 |    78 ||   120

Table legend: (Time is in decaauts)
 A = Elapsed time spent in this place.
 B = Non-inter-level travel time spent in this place.
 C = Inter-level travel time spent in this place.
 D = Time resting spent in this place.
 E = Time spent auto-exploring this place.
 F = Levels seen in this place.
 G = Mean time per level.
                   A        B        C        D        E       F      G
               +--------+--------+--------+--------+--------+-----+--------+
         Total |   4763 |   4662 |    101 |    354 |   3734 |   4 | 1190.8 |
       Dungeon |   4763 |   4662 |    101 |    354 |   3734 |   4 | 1190.8 |
               +--------+--------+--------+--------+--------+-----+--------+

Top non-repeatable levels by time:
     D:2: 1483 daAuts
     D:3: 1284 daAuts
     D:1: 1017 daAuts
     D:4: 978 daAuts
